 Dungeon Crawl Stone Soup version 0.18.1-48-g4cf74bf (webtiles) character file.

234 Aelikt the Ducker (level 5, -4/47 HPs)
             Began as a Draconian Abyssal Knight on Aug 16, 2016.
             Was a Believer of Lugonu.
             Slain by a gnoll
             ... wielding a +0 spear of flaming
              (5 damage)
             ... on level 3 of the Dungeon.
             The game lasted 00:13:56 (2801 turns).

Aelikt the Ducker (Draconian Abyssal Knight)        Turns: 2801, Time: 00:13:56

Health: -4/47      AC:  5    Str: 13 (15) XL:     5   Next: 75%
Magic:  0/6        EV: 13    Int: 10 (13) God:    Lugonu [**....]
Gold:   106        SH:  0    Dex:  9 (10) Spells: 0 memorised, 4 levels left

rFire  + . .     SeeInvis .     a - +1 falchion
rCold  + . .     Gourm    .     (armour unavailable)
rNeg   . . .     Faith    .     (no shield)
rPois  .         Spirit   +     (helmet restricted)
rElec  .         Dismiss  .     (no cloak)
rCorr  +         Reflect  .     (no gloves)
SustAt .         Harm     .     (no boots)
MR     .....                    q - amulet of guardian spirit
Stlth  +.........               r - ring of wizardry
                                o - ring of resist corrosion

@: exhausted, very slightly contaminated, slowed, very slow, not resistant to
hostile enchantments, very unstealthy
A: unfitting armour, talons 1, cold resistance 1, fire resistance 1,
cold-blooded, AC +5
a: Depart the Abyss, Bend Space, Renounce Religion


You were on level 3 of the Dungeon.
You worshipped Lugonu.
Lugonu was pleased with you.
You were very hungry.

You visited 1 branch of the dungeon, and saw 3 of its levels.
You visited the Abyss 1 time.

You collected 106 gold pieces.

Inventory:

Hand Weapons
 a - a +1 falchion (weapon)
 e - a +0 hunting sling
 l - a +0 dagger of distortion
 t - a +4 short sword
Jewellery
 m - an uncursed amulet of magic regeneration
 o - a ring of resist corrosion (left hand)
 q - an amulet of guardian spirit (around neck)
 r - a ring of wizardry (right hand)
Scrolls
 d - 5 scrolls of identify
 h - a scroll of noise
 j - a scroll of fog
 u - a scroll of remove curse
 w - a scroll of magic mapping
Potions
 n - a potion of degeneration
 s - a potion of berserk rage
 v - a potion of agility
Comestibles
 b - a bread ration
 g - 2 beef jerkies
 i - 4 meat rations
 p - 3 fruits


   Skills:
 + Level 4.3 Fighting
 + Level 2.6 Long Blades
 + Level 4.5 Dodging
 + Level 1.1 Stealth
 + Level 2.2 Invocations


You had 4 spell levels left.
You didn't know any spells.

Dungeon Overview and Level Annotations

Branches:
Dungeon (3/15)

Altars:
Fedhas
Nemelex Xobeh
Qazlal
The Shining One


Innate Abilities, Weirdness & Mutations

Your plain brown scales are hard (AC +5).
Your body does not fit into most forms of armour.
You are cold-blooded and may be slowed by cold attacks.
You have sharp toenails.
Your flesh is cold resistant.
Your flesh is heat resistant.


Message History

You are no longer berserk.
You are exhausted.
You feel yourself slow down.
You are feeling very hungry.
The gnoll hits you but does no damage.
The gnoll hits you but does no damage. x2
The gnoll hits you with a spear of flaming.
* * * LOW HITPOINT WARNING * * *
You hit the gnoll.
The gnoll is heavily wounded.
The gnoll hits you with a spear of flaming.
* * * LOW HITPOINT WARNING * * *
The gnoll burns you.
* * * LOW HITPOINT WARNING * * *
Unknown command.
You're too exhausted to go berserk.
You hit the gnoll. You claw the gnoll, but do no damage.
The gnoll is severely wounded.
The gnoll hits you with a spear of flaming.
You die...

..##.....###.............gg......
#####...## #.##.###.##.._[......#
##.## #.##.###.##......g...# ##
#.# #.##.....##....8.....# .# #.#
#.#####..##..........# .# ##'##
#.# #..##......_...# .# ##...##
#.#####..##..........#
.###.....###........##..........#
.##.......######@#.###########.##
.#.........####..g)##########...#
.+.........†...................†.
##.........####...###########...#
##.......## ##.## ##.##
####.....## #.# #.., .####...##
#.# ###, ..####+## #.# *,
........# #.# *,


You could see a gnoll.

Vanquished Creatures
  2 vampire bats (D:3)
  Terence (D:3)
  3 gnolls (D:3)
  An adder (D:3)
  An ooze (D:3)
  2 worms (D:3)
  3 dart slugs
  A giant gecko (D:1)
  3 orcs (D:3)
  3 giant cockroaches
  9 goblins
  4 hobgoblins
  7 jackals (D:2)
  3 quokkas
  14 bats
  2 giant newts
  8 kobolds
  3 rats
70 creatures vanquished.

Notes
Turn   | Place    | Note
--------------------------------------------------------------
     0 | Abyss:1  | Aelikt the Draconian Abyssal Knight began the quest for the Orb.
     0 | Abyss:1  | Reached XP level 1. HP: 19/19 MP: 2/2
     0 | D:1      | Escaped the Abyss
   226 | D:1      | Reached * piety under Lugonu
   244 | D:1      | Reached XP level 2. HP: 10/26 MP: 3/3
   730 | D:1      | Reached XP level 3. HP: 27/33 MP: 4/4
  1068 | D:2      | Reached ** piety under Lugonu
  1083 | D:2      | Found a stormy altar of Qazlal.
  1102 | D:2      | Found a blossoming altar of Fedhas.
  2075 | D:3      | Reached XP level 4. HP: 32/40 MP: 3/5
  2087 | D:3      | Reached skill level 1 in Stealth
  2087 | D:3      | Reached XP level 5. HP: 30/46 MP: 4/6
  2391 | D:3      | Noticed Terence
  2429 | D:3      | Killed Terence
  2629 | D:3      | Found a sparkling altar of Nemelex Xobeh.
  2635 | D:3      | Found a glowing golden altar of the Shining One.
  2786 | D:3      | Gained mutation: Your flesh is heat resistant. [potion of mutation]
  2786 | D:3      | Gained mutation: Your flesh is cold resistant. [potion of mutation]
  2786 | D:3      | Gained mutation: You have sharp toenails. [potion of mutation]
  2800 | D:3      | HP: 2/47 [gnoll/spear of flaming (2)]
  2801 | D:3      | Slain by a gnoll

Skill      XL: |  1  2  3  4 |
---------------+-------------+-----
Fighting       | 4 |  4.3
Dodging        | 3 4 |  4.5
Stealth        | 1 |  1.1
Long Blades    | |  2.6
Invocations    | |  2.2

Action                   |  1- 3 |  4- 6 || total
-------------------------+-------+-------++-------
Melee: Falchion          |   171 |   107 ||   278
       Tailslap          |    20 |    16 ||    36
       Kick              |       |     2 ||     2
Invok: Depart the Abyss  |     1 |       ||     1
       Bend Space        |       |     3 ||     3
  Use: Scroll            |     4 |     1 ||     5
       Potion            |     1 |     5 ||     6
 Stab: Sleeping          |     2 |       ||     2
  Eat: Chunk             |     2 |       ||     2
       Bread ration      |     1 |       ||     1
Armor: Skin              |   105 |    29 ||   134
Dodge: Dodged            |   188 |    80 ||   268
